 Dungeon Crawl Stone Soup version 0.32-a0-18-g89e19f1974 (webtiles) character file.

Game seed: 18360680292322398279

238 whatisthis the Conjurer (level 5, 0/38 HPs)
             Began as a Draconian Conjurer on Jan 16, 2024.
             Slain by an orc wizard
             ... wielding a +0 dagger
              (2 damage)
             ... on level 4 of the Dungeon.
             The game lasted 00:07:06 (4763 turns).

whatisthis the Conjurer (Draconian Conjurer)        Turns: 4763, Time: 00:07:07

Health: 0/38       AC:  5    Str: 13    XL:     5   Next: 78%
Magic:  9/11       EV: 11    Int: 22    God:
Gold:   257        SH:  0    Dex:  5    Spells: 9/12 levels left

rFire   . . .        p - +4 war axe "Buffuz" {freeze, Str+4 Int+2 Dex-5}
rCold   . . .        (no shield)
rNeg    . . .        (body armour unavailable)
rPois   .            (helmet restricted)
rElec   .            (no cloak)
rCorr   .            (no gloves)
SInv    .            (no boots)
Will    .....        q - amulet of magic regeneration
Stlth   +            (no ring)
HPRegen 0.26/turn    (no ring)
MPRegen 0.52/turn

%: no passive effects
@: no status effects
A: AC +5, unfitting armour, cold-blooded
a: no special abilities


You were on level 4 of the Dungeon.
You visited 1 branch of the dungeon, and saw 4 of its levels.

You collected 257 gold pieces.

Inventory:

Hand Weapons
 o - a +0 trident
 p - the +4 war axe "Buffuz" (weapon) {freeze, Str+4 Int+2 Dex-5}
   (You found it on level 4 of the Dungeon)

   Str+4:     It affects your strength (+4).
   Int+2:     It affects your intelligence (+2).
   Dex-5:     It affects your dexterity (-5).
Missiles
 b - 8 boomerangs
 m - 7 poisoned darts
Jewellery
 q - an amulet of magic regeneration (around neck)
Wands
 n - a wand of iceblast (10)
Scrolls
 a - a scroll of revelation {unknown}
 d - a scroll of poison {unknown}
 e - 3 scrolls of identify {unknown}
 f - a scroll of teleportation {unknown}
 h - a scroll of enchant armour {unknown}
 j - 2 scrolls of noise {unknown}
 k - 2 scrolls of immolation {unknown}
 l - 2 scrolls of fog {unknown}
Potions
 c - a potion of invisibility {unknown}
 g - a potion of ambrosia {unknown}
 i - a potion of enlightenment {unknown}


   Skills:
 - Level 1.7 Dodging
 - Level 1.7 Stealth
 + Level 4.2 Spellcasting
 + Level 5.7 Conjurations


You had 9 spell levels left.
You knew the following spells:

 Your Spells              Type           Power      Damage    Failure   Level
a - Magic Dart            Conj           100%       1d8       1%          1
b - Searing Ray           Conj           60%        2d6       1%          2

Your spell library contained the following spells:

 Spells                   Type           Power      Damage    Failure   Level
 Momentum Strike          Conj/Tloc      34%        3d8       4%          2
 Blink                    Tloc           8%         N/A       17%         2
 Lesser Beckoning         Tloc           8%         N/A       17%         2
 Fulminant Prism          Conj/Alch      8%         3d7       32%         4
 Iskenderun's Mystic Bla  Conj/Tloc      17%        2d5       32%         4
 Sculpt Simulacrum        Ice/Alch       2%         N/A       100%        6
 Ozocubu's Refrigeration  Ice            2%         4d7       100%        7
 Polar Vortex             Ice            2%         N/A       100%        9


Dungeon Overview and Level Annotations

Branches:
Dungeon (4/15)
 Temple: D:4-7

Altars:

Shops:
D:4 !


Innate Abilities, Weirdness & Mutations

Your plain brown scales are hard. (AC +5)
You cannot fit into any form of body armour.
You are cold-blooded and may be slowed by cold attacks.


Message History

You hear some strange, mumbled words.
A magic dart appears from out of thin air!
The magic dart hits you.
You miss something.
Your tail-slap misses something.
Something hits you but does no damage.
You're too confused to cast spells.
You miss something. Something hits you but does no damage.
You hear some strange, mumbled words.
A puff of flame appears from out of thin air!
The puff of flame hits you.
You hear some strange, mumbled words.
You are more confused.
There is a strange disturbance nearby!
There is a strange disturbance nearby!
Something barely misses you. Something hits you but does no damage.
You hear some strange, mumbled words.
Something tries to affect you, but you resist.
You hear some strange, mumbled words.
A magic dart appears from out of thin air!
The magic dart hits you!
You hear some strange, mumbled words.
A magic dart appears from out of thin air!
The magic dart hits you.
* * * LOW HITPOINT WARNING * * *
Something hits you but does no damage.
You feel less confused.
You hear some strange, mumbled words.
A puff of flame appears from out of thin air!
The puff of flame hits you!
* * * LOW HITPOINT WARNING * * *
Casting: Searing Ray (safe; 1% risk of failure)
Confirm with . or Enter, or press ? or * to list all spells.
Aiming: Searing Ray (safe; 1% risk of failure)
Press: ? - help, Shift-Dir - straight line (Press . to maintain the ray.)
Something hits you but does no damage.
Unknown command.
The searing ray hits something.
Something hits you.
You die...

#....#!..o.. #....#...+.....
#....# ..... #....#...#.....
#....#########....##'##+####
#.....)............#.##..###
#..................#........
#..................#........
#........).........#.....##.
#..........{.......########.
#..∩......)@.......#........
#...........#####+##........
#.....[.....'.....##.....###
######......#.....##.....#..
#......########.....#..
#.............#.....#..
#.............#..##'#..
#.............##'#....#
#.............#..#....#


There were no monsters in sight!

Vanquished Creatures
  An orc priest (D:4)
  A hound (D:4)
  Robin (D:3)
  4 adders
  2 ufetubi (D:3)
  A ribbon worm (D:4)
  4 dart slugs
  5 orcs
  9 endoplasms
  3 giant cockroaches
  17 goblins
  13 hobgoblins
  9 jackals
  4 quokkas
  3 ball pythons (D:1)
  10 bats
  4 frilled lizards
  4 kobolds
  3 rats
98 creatures vanquished.

Notes
Turn   | Place    | Note
-------+----------+-------------------------------------------
     0 | D:1      | whatisthis the Draconian Conjurer began the quest for the
                  | Orb.
     0 | D:1      | Reached XP level 1. HP: 14/14 MP: 3/3
   293 | D:1      | Reached XP level 2. HP: 19/20 MP: 1/5
  1107 | D:1      | Reached XP level 3. HP: 26/26 MP: 5/7
  1457 | D:1      | Learned a level 2 spell: Searing Ray
  1936 | D:2      | Reached XP level 4. HP: 33/33 MP: 3/8
  2652 | D:3      | Reached skill level 5 in Conjurations
  3311 | D:3      | Noticed Robin
  3465 | D:3      | Killed Robin
  3466 | D:3      | Reached XP level 5. HP: 11/38 MP: 7/10
  4303 | D:4      | Found Lidepiesey's Distillery.
  4308 | D:4      | Identified the +4 war axe "Buffuz" {freeze, Str+4 Int+2
                  | Dex-5}
  4761 | D:4      | HP: 1/38 [something/puff of flame (7)]
  4763 | D:4      | Slain by an orc wizard

Illustrated notes

Levels and vault maps discovered:
D:1:      psy_arrival_terrarium, layout_basic
D:2:      layout_loops_ring
D:3:      kennysheep_goblin_castle, layout_loops_ring, serial_forest,
          infiniplex_forest_clump_diagonal, infiniplex_forest_clump_double,
          infiniplex_forest_straight_4, infiniplex_forest_clump_diagonal,
          infiniplex_forest_clump_medium, infiniplex_forest_straight_5,
          infiniplex_forest_clump_small, infiniplex_forest_straight_5,
          infiniplex_forest_clump_diagonal, infiniplex_forest_straight_3
D:4:      layout_gridville, serial_shops, shop

Skill      XL: |  1  2  3  4  5 |
---------------+----------------+-----
Spellcasting   | 3 4 |  4.2
Conjurations   | 5 |  5.7
Dodging        | |  1.7
Stealth        | |  1.7

Action                     |  1- 3 |  4- 6 || total
---------------------------+-------+-------++-------
  Melee: Spear             |    15 |    13 ||    28
         Tailslap          |       |     2 ||     2
         War axe           |       |     6 ||     6
   Cast: Magic Dart        |    77 |    62 ||   139
         Searing Ray       |     1 |    20 ||    21
    Use: Potion            |       |     1 ||     1
 Armour: Skin              |    14 |    44 ||    58
  Dodge: Dodged            |    12 |    28 ||    40

Table legend: (Time is in decaauts)
 A = Elapsed time spent in this place.
 B = Non-inter-level travel time spent in this place.
 C = Inter-level travel time spent in this place.
 D = Time resting spent in this place.
 E = Time spent auto-exploring this place.
 F = Levels seen in this place.
 G = Mean time per level.
                   A        B        C        D        E       F      G
               +--------+--------+--------+--------+--------+-----+--------+
         Total |   4766 |   4632 |    134 |    342 |   3676 |   4 | 1191.5 |
       Dungeon |   4766 |   4632 |    134 |    342 |   3676 |   4 | 1191.5 |
               +--------+--------+--------+--------+--------+-----+--------+

Top non-repeatable levels by time:
     D:3: 1592 daAuts
     D:1: 1459 daAuts
     D:2: 911 daAuts
     D:4: 803 daAuts
